 Dungeon Crawl Stone Soup version 0.22-a0-414-gacd343e8ff (webtiles) character file.

12090 Manul the Unseen (level 11, -3/76 HPs)
             Began as an Octopode Assassin on May 13, 2018.
             Was an Initiate of Gozag.
             Slain by a warg (16 damage)
             ... led by an orc knight
             ... on level 8 of the Dungeon.
             The game lasted 00:17:06 (14806 turns).

Manul the Unseen (Octopode Assassin)               Turns: 14806, Time: 00:17:07

Health: -3/76      AC: 13    Str: 14    XL:     11   Next: 87%
Magic:  11/11      EV: 18    Int: 16    God:    Gozag
Gold:   849        SH:  3    Dex: 16    Spells: 10/10 levels left

rFire    + . .     SeeInvis +   u - +4 war axe "Emeobra" {protect, Int+2}
rCold    . . .     Gourm    .   (no shield)
rNeg     + . .     Faith    .   p - +2 hat
rPois    +         Spirit   .   q - +3 amulet of reflection
rElec    .         Reflect  +   z - ring of poison resistance
rCorr    +         Harm     .   C - +3 ring of protection
MR       .....                  A - ring of see invisible
Stlth    +++++++...             E - +3 ring of strength
HPRegen  0.22/turn              G - ring of resist corrosion
MPRegen  0.12/turn              H - ring of positive energy
                                (no ring)
                                (no ring)

@: protection aura
A: almost no armour, stealthy swim, amphibious, 8 rings, constrict 8, camouflage
1, fire resistance 1, gelatinous body 1
a: Potion Petition, Call Merchant, Bribe Branch, Renounce Religion


You were on level 8 of the Dungeon.
You worshipped Gozag.
Gozag was pleased with you.
You were not hungry.

You visited 3 branches of the dungeon, and saw 13 of its levels.

You collected 1923 gold pieces.
You spent 480 gold pieces at shops.
You paid 594 gold pieces to Gozag.

Inventory:

Hand Weapons
 b - a +0 blowgun
 u - the +4 war axe "Emeobra" (weapon) {protect, Int+2}
   (You found it on level 4 of the Dungeon)

   It protects the one who uses it against injury (+AC on strike).
   It affects your intelligence (+2).
 x - a +0 short sword of venom
 D - a +3 rapier of holy wrath
 F - the +5 flail "Oruarimo" {crush, *Drain rElec rF+ rN+++}
   (You found it on level 10 of the Dungeon)

   It inflicts extra damage upon your enemies.
   It protects you from fire.
   It insulates you from electricity.
   It renders you almost immune to negative energy.
   It causes draining when unequipped.
Missiles
 c - 33 poisoned needles
Armour
 p - a +2 hat (worn)
 B - a +0 buckler
Jewellery
 q - a +3 amulet of reflection (around mantle)
 z - a ring of poison resistance (left tentacle)
 A - a ring of see invisible (on tentacle)
 C - a +3 ring of protection (right tentacle)
 E - a +3 ring of strength (on tentacle)
 G - a ring of resist corrosion (on tentacle)
 H - a ring of positive energy (on tentacle)
Wands
 j - a wand of disintegration (27)
 w - a wand of iceblast (17)
Scrolls
 l - a scroll of random uselessness
 m - 3 scrolls of teleportation
 o - 3 scrolls of enchant armour
 s - 5 scrolls of amnesia
 t - a scroll of magic mapping
 v - 8 scrolls of identify
 y - a scroll of fear
Potions
 a - 4 potions of curing
 e - 2 potions of degeneration {unknown}
 g - 4 potions of haste
 h - 2 potions of flight {unknown}
 i - 2 potions of resistance
 k - a potion of agility {unknown}
 n - 2 potions of cancellation {unknown}
 r - 2 potions of brilliance
 I - a potion of heal wounds
Comestibles
 f - 18 rations


   Skills:
 + Level 7.6 Fighting
 + Level 7.3 Short Blades
 - Level 7.4 Axes
 - Level 2.0 Throwing
 + Level 7.0 Dodging
 - Level 15.9 Stealth
 * Level 2.8 Shields
 + Level 0.3 Evocations


You had 10 spell levels left.
You didn't know any spells.
Your spell library contained the following spells:

 Spells                   Type           Power        Failure   Level  Hunger
 Confuse                  Hex            #.......     58%         3    ####...
 Animate Dead             Necr           N/A          94%         4    #####..
 Pain                     Necr           #...         26%         1    ##.....
 Animate Skeleton         Necr           N/A          26%         1    ##.....
 Vampiric Draining        Necr           #.........   58%         3    ####...
 Regeneration             Chrm/Necr      #.........   58%         3    ####...
 Spider Form              Tmut/Pois      #.........   58%         3    ####...
 Blade Hands              Tmut           #.........   100%        5    ######.
 Ice Form                 Ice/Tmut       #.......     94%         4    #####..
 Confusing Touch          Hex            #.....       26%         1    ##.....
 Sticks to Snakes         Tmut           #.......     36%         2    ###....
 Metabolic Englaciation   Hex/Ice        #.........   100%        5    ######.
 Petrify                  Tmut/Erth      #.......     94%         4    #####..
 Beastly Appendage        Tmut           #.....       26%         1    ##.....
 Gell's Gravitas          Tloc           #.........   58%         3    ####...
 Yara's Violent Unravell  Hex/Tmut       #.........   100%        5    ######.


Dungeon Overview and Level Annotations

Branches:
Dungeon (11/15)            Temple (1/1) D:4            Lair (0/6) D:8
    Orc (1/2) D:9

Altars:
Ashenzari
Cheibriados
Dithmenos
Elyvilon
Fedhas
Gozag
Hepliaklqana
Kikubaaqudgha
Makhleb
Nemelex Xobeh
Okawaru
Qazlal
Ru
Sif Muna
Trog
Uskayaw
Vehumet
Wu Jian
Xom
Yredelemnul
Zin
The Shining One

Shops:
D:7 *   D:8 =   D:9 [=*:}


Innate Abilities, Weirdness & Mutations

You cannot wear most types of armour.
You are very stealthy in the water. (Stealth+)
You are amphibious.
You can wear up to eight rings at the same time.
You can use your tentacles to constrict eight enemies at once.
Your skin changes colour to match your surroundings (Stealth+).
Your rubbery body absorbs attacks. (AC +1, EV +1)
Your flesh is heat resistant. (rF+)


Message History

Okay, then.
The warg misses you. A mysterious force pulls you upwards.
The hatch slams shut behind you.
You hit the warg.
Your weapon exudes an aura of protection.
The warg is severely wounded.
The warg bites you but does no damage.
You slash the warg! Your squeeze misses the warg.
The warg is almost dead.
You block the warg's attack. The warg bites you!
* * * LOW HITPOINT WARNING * * *
You barely miss the warg.
The warg is almost dead.
The warg bites you.
* * * LOW HITPOINT WARNING * * *
You closely miss the warg.
The warg is almost dead.
The warg bites you!
You die...
Your body crumbles into a pile of gold.

# ###.# #.#....# #......######
#####.#####.#....####..)...#
...................>....#+#######
....................#............
#####.#####.#....#.)#..##.#######
....#.#.....#####......##........
###.#.#.##########'##############
#.#.#..........#..#..#
###'#.######...h@#..#..#
.................#..'..#
......####.......#..#..##########
......# #....####..#..#.........
......# #....# #######..#######
......# #....######......#
......# #....#....'......#
....######....#.####......# #
....##........#.# #......# #


You could see a warg.

Vanquished Creatures
  3 two-headed ogres
  2 unseen horrors (D:11)
  Pikel (D:6)
  A centaur skeleton (D:11)
  A gargoyle (D:11)
  A troll (D:11)
  Prince Ribbit (D:8)
  2 hornets
  A human (D:8)
  4 hogs (D:8)
  7 yaks
  A hungry ghost (D:9)
  Menkaure (D:6)
  2 two-headed ogre zombies (D:9)
  A water moccasin (D:8)
  An acid dragon (D:11)
  2 porcupines (D:8)
  2 black bears (D:8)
  3 slaves (D:6)
  An orc warrior (D:8)
  2 sky beasts (D:9)
  2 ice beasts
  5 phantoms
  2 ogres
  3 centaurs
  A crocodile (D:9)
  Blork the orc (D:6)
  9 bullfrogs
  A gnoll sergeant (D:8)
  4 scorpions
  A water moccasin skeleton (D:4)
  A troll zombie (D:9)
  5 killer bees (D:9)
  4 wights (D:6)
  5 howler monkeys
  4 crimson imps
  2 centaur zombies
  A bullfrog zombie (D:7)
  A quasit (D:9)
  8 orc priests
  A gnoll shaman (D:10)
  A bullfrog skeleton (D:10)
  6 hounds
  Natasha (thrice) (D:2)
  2 iguanas
  10 orc wizards
  6 worker ants
  5 ogre zombies (D:9)
  5 hound zombies
  11 gnolls
  6 adders
  2 shadow imps
  2 oozes (D:1)
  4 worms
  3 dart slugs
  5 leopard geckos
  27 orcs
  2 giant cockroaches (D:3)
  5 goblins
  4 hobgoblins
  8 jackals
  6 quokkas
  4 ball pythons
  A ball python skeleton (D:4)
  3 bats
  6 frilled lizards
  A goblin skeleton (D:9)
  A goblin zombie (D:9)
  A hobgoblin skeleton (D:9)
  3 hobgoblin zombies (D:9)
  7 kobolds
  3 orc skeletons (D:9)
  16 orc zombies (D:9)
  A quokka skeleton (D:5)
  A quokka zombie (D:8)
  3 rats
  2 fungi (D:8)
277 creatures vanquished.

Vanquished Creatures (others)
  A manticore (D:11)
  A slave (D:6)
  A crimson imp (D:6)
  An orc wizard (D:6)
  4 fungi (D:8)
  A plant (D:8)
9 creatures vanquished.

Grand Total: 286 creatures vanquished

Notes
Turn   | Place    | Note
-------+----------+-------------------------------------------
     0 | D:1      | Manul the Octopode Assassin began the quest for the Orb.
     0 | D:1      | Reached XP level 1. HP: 14/14 MP: 1/1
   106 | D:1      | Reached skill level 6 in Stealth
   106 | D:1      | Reached XP level 2. HP: 12/19 MP: 2/2
   776 | D:1      | Reached XP level 3. HP: 20/24 MP: 3/3
  1165 | D:2      | Noticed Natasha
  1173 | D:2      | Killed Natasha
  1173 | D:2      | Reached skill level 7 in Stealth
  1173 | D:2      | Reached XP level 4. HP: 29/29 MP: 4/4
  1242 | D:2      | Noticed Natasha
  1249 | D:2      | Killed Natasha
  1293 | D:2      | Reached skill level 8 in Stealth
  1294 | D:2      | Found a stormy altar of Qazlal.
  1877 | D:2      | Noticed Natasha
  1882 | D:2      | Killed Natasha
  1882 | D:2      | Reached XP level 5. HP: 34/34 MP: 5/5
  2284 | D:3      | Noticed a phantom
  2358 | D:3      | Reached skill level 9 in Stealth
  2484 | D:4      | Noticed a phantom
  2491 | D:4      | Killed a phantom
  2491 | D:4      | Reached XP level 6. HP: 20/39 MP: 6/6
  2654 | D:4      | Got a steaming war axe
  2656 | D:4      | Identified the +4 war axe "Emeobra" {protect, Int+2} (You found it on level 4 of the Dungeon)
  2742 | D:4      | Reached skill level 10 in Stealth
  3151 | D:4      | Found a staircase to the Ecumenical Temple.
  3157 | Temple   | Entered the Ecumenical Temple
  3547 | D:3      | Killed a phantom
  3547 | D:3      | Reached XP level 7. HP: 29/45 MP: 7/7
  3917 | D:5      | Entered Level 5 of the Dungeon
  3969 | D:5      | Gained mutation: You expend magic power (3 MP) to strengthen your wands. [potion of mutation]
  3969 | D:5      | Gained mutation: Your system is resistant to poisons. (rPois) [potion of mutation]
  3969 | D:5      | Gained mutation: You are resistant to hostile enchantments. (MR+) [potion of mutation]
  3976 | D:5      | Reached skill level 11 in Stealth
  4291 | D:5      | Lost mutation: Your system is resistant to poisons. (rPois) [potion of mutation]
  4291 | D:5      | Lost mutation: You are resistant to hostile enchantments. (MR+) [potion of mutation]
  4291 | D:5      | Lost mutation: You expend magic power (3 MP) to strengthen your wands. [potion of mutation]
  4291 | D:5      | Gained mutation: You tend to lose your temper in combat. [potion of mutation]
  4291 | D:5      | Gained mutation: You are resistant to hostile enchantments. (MR+) [potion of mutation]
  4292 | D:5      | Lost mutation: You tend to lose your temper in combat. [potion of mutation]
  4292 | D:5      | Lost mutation: You are resistant to hostile enchantments. (MR+) [potion of mutation]
  4292 | D:5      | Gained mutation: You are dopey. (Int -2) [potion of mutation]
  4292 | D:5      | Gained mutation: You are agile. (Dex +2) [potion of mutation]
  4293 | D:5      | Lost mutation: You are agile. (Dex +2) [potion of mutation]
  4293 | D:5      | Lost mutation: You are dopey. (Int -2) [potion of mutation]
  4293 | D:5      | Gained mutation: You are partially covered in molten scales. (AC +2) [potion of mutation]
  4293 | D:5      | Lost mutation: You are partially covered in molten scales. (AC +2) [potion of mutation]
  4293 | D:5      | Gained mutation: Your flesh is heat resistant. (rF+) [potion of mutation]
  4411 | D:5      | Found a bloodstained altar of Trog.
  4420 | D:5      | Found a shattered altar of Ashenzari.
  4913 | D:5      | Found an opulent altar of Gozag.
  4919 | D:5      | Became a worshipper of Gozag Ym Sagoz the Greedy
  5251 | D:6      | Reached XP level 8. HP: 26/52 MP: 8/8
  5427 | D:6      | Reached skill level 1 in Axes
  5491 | D:6      | Noticed Pikel
  5506 | D:6      | Killed Pikel
  5736 | D:6      | Reached skill level 12 in Stealth
  6185 | D:6      | Noticed Blork the orc
  6188 | D:6      | Killed Blork the orc
  6256 | D:6      | Reached XP level 9. HP: 58/58 MP: 9/9
  6547 | D:6      | Noticed Menkaure
  6554 | D:6      | Killed Menkaure
  6954 | D:7      | Reached skill level 5 in Axes
  7065 | D:7      | Found a shimmering altar of Xom.
  7213 | D:7      | Found Qeffos's Assorted Antiques.
  7779 | D:8      | Noticed a two-headed ogre
  8267 | D:8      | Killed a two-headed ogre
  8267 | D:8      | Reached skill level 13 in Stealth
  8276 | D:8      | Noticed a two-headed ogre
  8278 | D:8      | Found a shimmering altar of Xom.
  8282 | D:8      | Killed a two-headed ogre
  8282 | D:8      | Reached skill level 5 in Short Blades
  8282 | D:8      | Reached skill level 14 in Stealth
  8282 | D:8      | Reached XP level 10. HP: 65/65 MP: 10/10
  8295 | D:8      | Reached skill level 5 in Fighting
  9338 | D:8      | Reached skill level 5 in Dodging
  9689 | D:8      | Found a blossoming altar of Fedhas.
  9697 | D:8      | Noticed Prince Ribbit
  9700 | D:8      | Killed Prince Ribbit
  9831 | D:8      | Found a staircase to the Lair.
  9902 | D:8      | Bought a +3 ring of protection for 357 gold pieces
  9971 | D:9      | Reached skill level 15 in Stealth
 10043 | D:9      | HP: 1/68 [yak (11)]
 10046 | D:9      | Reached XP level 11. HP: 19/72 MP: 11/11
 10582 | D:9      | Found Diots's Jewellery Emporium.
 11065 | D:9      | Found Tuotsefo's Armour Shop.
 11103 | D:9      | Bought a +0 hat for 60 gold pieces
 11118 | D:9      | Found a staircase to the Orcish Mines.
 11355 | D:9      | Found Teiddy's Gadget Shoppe.
 11714 | D:9      | Found Muzaot's Book Shop.
 11814 | D:9      | Found Qokaov's Assorted Antiques.
 11820 | D:9      | Bought a potion of curing for 63 gold pieces
 11879 | D:10     | Entered Level 10 of the Dungeon
 12204 | D:10     | Got a faintly glowing flail
 12205 | D:10     | Identified the +5 flail "Oruarimo" {crush, *Drain rElec rF+ rN+++} (You found it on level 10 of the Dungeon)
 12563 | D:11     | Noticed an unseen horror
 12575 | D:11     | Noticed an unseen horror
 12581 | D:11     | Killed an unseen horror
 12581 | D:11     | Reached skill level 1 in Shields
 12581 | D:11     | Killed a manticore
 12746 | D:11     | Killed an unseen horror
 13457 | D:11     | Noticed a two-headed ogre
 13464 | D:11     | Killed a two-headed ogre
 13968 | D:11     | Noticed a two-headed ogre
 14789 | Orc:1    | Entered Level 1 of the Orcish Mines
 14789 | Orc:1    | Noticed an orc knight
 14806 | D:8      | Slain by a warg

Vault maps used:
D:1:      scummos_arrival_simple_crosswalls
D:2:      lemuel_coloured_pillars_altar, uniq_natasha
D:3:      amethyst_killhole
D:4:      minmay_temple_entry_hall
D:5:      kennysheep_little_box, amethyst_overflow_temple_binary, first_ration,
          minmay_misc_feat_secret_circle
D:6:      uniq_menkaure, uniq_pikel, uniq_blork_the_orc
D:7:      basic_altar, serial_shops, kennysheep_mini
D:8:      nicolae_overflow_crystal_walls, grunt_lair_entry_orc_guard_hut,
          grunt_livestock, grunt_ministairs_14, xom_teletrap_fun,
          uniq_prince_ribbit1
D:9:      zombieorc2_lemuel, serial_shops, nicolae_shop_statue_plus, shop,
          shop_statue, shop, shop
D:11:     lemuel_flame_loot_1
Temple:   minmay_crystal_spiral_temple
Orc:1:    uniq_snorg

Skill      XL: |  1  2  3  4  5  6  7  8  9 10 11 |
---------------+----------------------------------+-----
Stealth        | 6 7 8 9 10 11 12 14 15 | 15.9
Short Blades   | 3 4 5 6 7 |  7.3
Dodging        | 2 3 4 5 7 |  7.0
Fighting       | 3 4 5 7 |  7.6
Axes           | 4 6 7 |  7.4
Shields        | 2 |  2.8
Throwing       | |  2.0
Evocations     | |  0.3

Action                   |  1- 3 |  4- 6 |  7- 9 | 10-12 || total
-------------------------+-------+-------+-------+-------++-------
Melee: Dagger            |    46 |    80 |       |       ||   126
       Constrict         |     7 |    20 |    51 |    72 ||   150
       Tentacles         |     4 |    14 |    45 |    88 ||   151
       War axe           |       |    17 |    86 |   376 ||   479
       Short sword       |       |     7 |   124 |    10 ||   141
       Rapier            |       |       |     3 |    27 ||    30
 Fire: Blowgun           |       |       |       |     4 ||     4
Invok: Call Merchant     |       |       |       |     1 ||     1
Evoke: Wand              |       |       |       |     2 ||     2
  Use: Scroll            |       |     3 |     7 |     9 ||    19
       Potion            |       |       |     8 |     5 ||    13
 Stab: Sleeping          |    16 |    11 |    16 |    21 ||    64
       Distracted        |       |     2 |       |     3 ||     5
  Eat: Chunk             |     1 |     7 |     5 |       ||    13
       Ration            |       |       |     3 |     6 ||     9
Armor: Skin              |     6 |     8 |    30 |   106 ||   150
Dodge: Dodged            |    16 |    48 |   177 |   310 ||   551
Block: Other             |       |       |    14 |    57 ||    71
       Reflection        |       |       |       |     1 ||     1

Table legend:
 A = Spawn XP
 B = Non-spawn XP
 C = Spawn XP percentage of total XP
 D = Spawn monster count
 E = Non-spawn monster count
 F = Spawn count percentage of total count
 G = Total turns spent on level
                    A         B        C        D         E        F      G
               +---------+---------+-------+---------+---------+-------+---------
         Total |       0 |   17272 |   0.0 |       0 |     272 |   0.0 | 14806
               +---------+---------+-------+---------+---------+-------+---------
           D:1 |       0 |      38 |   0.0 |       0 |      17 |   0.0 |   919
           D:2 |       0 |     134 |   0.0 |       0 |      18 |   0.0 |  1056
           D:3 |       0 |     242 |   0.0 |       0 |      17 |   0.0 |   751
           D:4 |       0 |     362 |   0.0 |       0 |      16 |   0.0 |  1022
           D:5 |       0 |     342 |   0.0 |       0 |      19 |   0.0 |  1318
           D:6 |       0 |    1600 |   0.0 |       0 |      31 |   0.0 |  1464
           D:7 |       0 |     673 |   0.0 |       0 |      14 |   0.0 |   775
           D:8 |       0 |    4879 |   0.0 |       0 |      37 |   0.0 |  2496
           D:9 |       0 |    3306 |   0.0 |       0 |      56 |   0.0 |  1941
          D:10 |       0 |    1207 |   0.0 |       0 |      26 |   0.0 |  1139
          D:11 |       0 |    4489 |   0.0 |       0 |      21 |   0.0 |  1753
               +---------+---------+-------+---------+---------+-------+---------
